 Dungeon Crawl Stone Soup version 0.27.1-33-g824d729ab1 (webtiles) character file.

Game seed: 16025982743459101415

51 McKennaii the Chiller (level 3, -2/26 HPs)
             Began as a Demigod Ice Elementalist on Dec 2, 2021.
             Slain by Grinder (6 damage)
             ... on level 3 of the Dungeon.
             The game lasted 00:02:38 (2468 turns).

McKennaii the Chiller (Demigod Ice Elementalist)    Turns: 2468, Time: 00:02:38

Health: -2/26      AC:  2    Str:  9    XL:     3   Next: 36%
Magic:  7/9        EV: 12    Int: 21    God:
Gold:   90         SH:  0    Dex: 14    Spells: 5/6 levels left

rFire    . . .     SeeInvis .   (no weapon)
rCold    . . .     Faith    .   (no shield)
rNeg     . . .     Spirit   .   a - +0 robe
rPois    .         Reflect  .   (no helmet)
rElec    .         Harm     .   (no cloak)
rCorr    .         Rampage  .   (no gloves)
Will     .....                  (no boots)
Stlth    ++........             (no amulet)
HPRegen  0.08/turn              (no ring)
MPRegen  0.11/turn              (no ring)

@: very slightly contaminated
A: high mp 1, forlorn
a: no special abilities


You were on level 3 of the Dungeon.
You visited 1 branch of the dungeon, and saw 3 of its levels.

You collected 90 gold pieces.

Inventory:

Armour
 a - a +0 robe (worn)
Potions
 b - a potion of magic
 c - a potion of berserk rage {unknown}
 d - a potion of heal wounds {unknown}


   Skills:
 + Level 2.3 Dodging
 + Level 2.4 Stealth
 + Level 2.2 Spellcasting
 + Level 4.0 Ice Magic


You had 5 spell levels left.
You knew the following spells:

 Your Spells              Type           Power      Damage    Failure   Level
a - Freeze                Ice            76%        1d9       2%          1

Your spell library contained the following spells:

 Spells                   Type           Power      Damage    Failure   Level
 Frozen Ramparts          Ice            38%        1d5       9%          3
 Ozocubu's Armour         Ice            19%        N/A       9%          3
 Call Canine Familiar     Summ           2%         N/A       41%         3
 Portal Projectile        Hex/Tloc       4%         N/A       41%         3
 Hailstorm                Conj/Ice       10%        3d5       54%         4
 Leda's Liquefaction      Hex/Erth       1%         N/A       82%         4


Dungeon Overview and Level Annotations

Branches:
Dungeon (3/15)

Annotations:
D:3 Grinder


Innate Abilities, Weirdness & Mutations

Your attributes grow dramatically as you level up.
You have an increased reservoir of magic. (+10% MP)
You shall have no god before yourself.


Message History

You hit the dart slug.
The dart slug is moderately wounded.
The dart slug launches a dart at you. The slug dart hits you.
You freeze the dart slug!
You kill the dart slug!
Your Ice Magic skill increases to level 4!
HP restored.
Grinder comes into view.
Grinder shouts!
Grinder is nearby!
You miscast Freeze.
You are very lightly contaminated with residual magic.
Nothing appears to happen.
Grinder says, "I used to sell toenails on the black market."
Grinder gestures at you.
You suddenly lose the ability to move!
Grinder barely misses you. Grinder hits you!
You writhe in agony.
Grinder hits you but does no damage.
You can move again.
Unknown command.
Unknown command.
Okay, then.
As you read the scroll labelled TYPIUC HAUS, it crumbles to dust.
It is a scroll of identify.
b - a potion of magic Grinder hits you.
You writhe in agony.
Unknown command.
Casting: Freeze (safe; 2% risk of failure)
Confirm with . or Enter, or press ? or * to list all spells.
Aiming: Freeze (safe; 2% risk of failure)
Press: ? - help, Shift-Dir - straight line, f/p - Grinder
Aim: Grinder You freeze Grinder.
Grinder resists.
Grinder is lightly wounded.
Grinder hits you!
* * * LOW HITPOINT WARNING * * *
You writhe in agony.
You die...

#..# #......##
.#####.## #......#
.....#.##
###...###.#
#....###.....##
#.# ##..........#
#..
##........#####
#...
#......###.......#
....
#...##.###.###....
.#....@...# ##.
##..5##### #....
#..... #.##.. #
#.. ... ##.


You could see Grinder.

Vanquished Creatures
  2 dart slugs
  8 ball pythons
  2 endoplasms (D:1)
  2 giant cockroaches
  7 goblins
  3 hobgoblins
  3 jackals (D:2)
  A quokka (D:1)
  5 bats
  6 frilled lizards
  2 kobolds
  4 rats
45 creatures vanquished.

Vanquished Creatures (others)
  2 plants (D:3)
2 creatures vanquished.

Grand Total: 47 creatures vanquished

Notes
Turn   | Place    | Note
-------+----------+-------------------------------------------
     0 | D:1      | McKennaii the Demigod Ice Elementalist began the quest for
                  | the Orb.
     0 | D:1      | Reached XP level 1. HP: 14/14 MP: 5/5
   505 | D:1      | Reached XP level 2. HP: 18/20 MP: 5/7
  1548 | D:2      | Reached XP level 3. HP: 26/26 MP: 6/8
  2410 | D:3      | Reached skill level 4 in Ice Magic
  2462 | D:3      | Noticed Grinder
  2463 | D:3      | Paralysed by Grinder for 4 turns
  2468 | D:3      | Slain by Grinder

Illustrated notes

Levels and vault maps discovered:
D:1:      ncdulo_smallfort, layout_basic, kennysheep_flooded_box
D:2:      layout_basic, basic_altar
D:3:      layout_rooms, hellmonk_ecumenical_altar_inner_sanctum,
          grunt_ministairs_4, serial_bayou_ford_a, serial_park_tiny_pond,
          uniq_sigmund, uniq_grinder

Skill      XL: |  1  2  3 |
---------------+----------+-----
Stealth        | 2 |  2.4
Dodging        | 2 |  2.3
Spellcasting   | 2 |  2.2
Ice Magic      | 4 |  4.0

Action                   || total
-------------------------++-------
Melee: Unarmed           ||    10
 Cast: Freeze            ||    62
  Use: Scroll            ||     1
Armor: Robe              ||     7
Dodge: Dodged            ||    41
